 Dungeon Sprint DCSS version 0.31-a0-128-g25add195a6 (webtiles) character file.

Game seed: 995302116345364062

4 rocky1 the Slasher (level 1, 0/16 HPs)
             Began as a Merfolk Gladiator on June 2, 2023.
             Engulfed by Crazy Yiuf's steam (6 damage)
             ... in the Dungeon (Sprint III: "The Ten Rune Challenge").
             The game lasted 00:00:30 (173 turns).

rocky1 the Slasher (Merfolk Gladiator)               Turns: 173, Time: 00:00:30

Health: 0/16       AC:  4    Str: 14    XL:     1   Next: 60%
Magic:  1/1        EV: 16    Int:  7    God:
Gold:   0          SH:  0    Dex: 15    Spells: 0/0 levels left

rFire   . . .        a - +0 long sword
rCold   . . .        (no shield)
rNeg    . . .        b - +0 leather armour
rPois   .            c - +0 helmet
rElec   .            (no cloak)
rCorr   .            (no gloves)
SInv    .            (boots currently unavailable)
Will    .....        (no amulet)
Stlth   ++           (no ring)
HPRegen 0.22/turn    (no ring)
MPRegen 0.07/turn

%: no teleportation
@: very quick
A: nimble swimmer 2, mertail
a: no special abilities


You were in the Dungeon.
You visited 1 branch

Inventory:

Hand Weapons
 a - a +0 long sword (weapon)
Missiles
 d - 3 throwing nets (quivered)
 e - a javelin
Armour
 b - a +0 leather armour (worn)
 c - a +0 helmet (worn)
Scrolls
 k - a scroll of blinking
 l - a scroll of identify {unknown}
Potions
 f - a potion of curing
 g - a potion of heal wounds
 h - a potion of haste
 i - 2 potions of magic
 j - a potion of berserk rage


   Skills:
 - Level 2.1 Fighting
 * Level 5.3 Long Blades
 - Level 2.0 Throwing
 - Level 4.0 Dodging


You couldn't memorise any spells.
You didn't know any spells.
Your spell library contained the following spells:

 Spells                   Type           Power      Damage    Failure   Level
 Blade Hands              Tmut           0%         N/A       100%        5
 Irradiate                Conj/Tmut      0%         3d11      100%        5
 Dragon Form              Tmut           0%         N/A       100%        7


Dungeon Overview and Level Annotations

Branches:
Dungeon (1/1)

Altars:

Annotations:
D Crazy Yiuf


Innate Abilities, Weirdness & Mutations

You are very nimble when in or above water. (Stealth+, EV+, Speed+++)
Your lower body shifts to a powerful aquatic tail in water.


Message History

The endoplasm freezes you.
You are frozen.
You hit the endoplasm.
You kill the endoplasm!
Your Long Blades skill increases to level 5!
There is an open door here.
You start resting.
HP restored.
You start waiting.
You pick up a book of Transfigurations and begin reading...
You add the spells Irradiate, Blade Hands and Dragon Form to your library.
You open the door.
A rat comes into view.
You hit the rat.
You kill the rat!
No target in view!
A rat comes into view.
Found a scroll labelled KAUMIOMIGG.
There is an open door here.
The rat bites you.
You hit the rat but do no damage. The rat closely misses you.
You slash the rat!
You kill the rat!
No target in view!
l - a scroll labelled KAUMIOMIGG As you open the door, it creaks loudly!
There is an open door here.
Crazy Yiuf the Enlightened comes into view.
He is wielding a +2 quarterstaff of chaos and carrying a wand of flame (20).
Your legs become a tail as you enter the water.
A human comes into view.
Crazy Yiuf zaps a wand.
The puff of flame hits you!
Ouch! That really hurt!
Crazy Yiuf hits you but does no damage.
You hit Crazy Yiuf.
Crazy Yiuf is moderately wounded.
Crazy Yiuf zaps a wand.
The puff of flame hits you.
You hit Crazy Yiuf but do no damage.
Crazy Yiuf is moderately wounded.
You are engulfed in a cloud of scalding steam.
You die...

▓▓▓▓ ▓▓▓▓▓▓ ▓<.#
+..... ▓..#
#....♣♣
▓#'####.....♣
▓.....#..g§§♣♣
▓.....#..§@§.♣
▓.....#..§~§~♣♣.♣
▓####'#..§≈≈~~~♣
▓.....#.~~≈~~~....
▓.....#.~≈~~~.....
▓.....#.~~~....p..
▓'#####...........
▓.................
▓▓▓▓▓▓▓▓▓▓▓▓▓▓▓▓▓


You could see a human (asleep) and Crazy Yiuf.

Vanquished Creatures
  2 endoplasms (D)
  2 rats (D)
4 creatures vanquished.

Notes
Turn   | Place    | Note
-------+----------+-------------------------------------------
     0 | D        | rocky1 the Merfolk Gladiator began the quest for the Orb.
     0 | D        | Reached XP level 1. HP: 16/16 MP: 1/1
     7 | D        | Reached skill level 4 in Long Blades
    11 | D        | Reached skill level 5 in Long Blades
   166 | D        | Noticed Crazy Yiuf
   173 | D        | Engulfed by Crazy Yiuf's steam

Illustrated notes

Levels and vault maps discovered:
D:        dungeon_sprint_mu [sprint_mu_entry_forest, sprint_mu_temple_rooms,
          sprint_mu_d1_spiders, sprint_mu_d2_genie, sprint_mu_d3_branching,
          sprint_mu_orc_legion, sprint_mu_elf_gauntlet, sprint_mu_hive_nellie,
          sprint_mu_lair_fedhas, sprint_mu_vaults_butterflies,
          sprint_mu_slime_circle, sprint_mu_swamp_cave, sprint_mu_shoals_archi,
          sprint_mu_blade_basic, sprint_mu_crypt_chambers,
          sprint_mu_tomb_spiral, sprint_mu_vestibule_basic,
          sprint_mu_gehenna_hellfire, sprint_mu_dis_giant,
          sprint_mu_tartarus_statrot, sprint_mu_cocytus_islands, sprint_mu_zot1]

Skill      XL: |  1 |
---------------+----+-----
Long Blades    | 5 |  5.3
Fighting       | |  2.1
Throwing       | |  2.0
Dodging        | |  4.0

Action                     || total
---------------------------++-------
  Melee: Long sword        ||    11
 Armour: Leather armour    ||     6
  Dodge: Dodged            ||     1

Table legend: (Time is in decaauts)
 A = Elapsed time spent in this place.
 B = Non-inter-level travel time spent in this place.
 C = Inter-level travel time spent in this place.
 D = Time resting spent in this place.
 E = Time spent auto-exploring this place.
 F = Levels seen in this place.
 G = Mean time per level.
                   A        B        C        D        E       F      G
               +--------+--------+--------+--------+--------+-----+--------+
         Total |    173 |    173 |      0 |    123 |      0 |   1 |  173.0 |
       Dungeon |    173 |    173 |      0 |    123 |      0 |   1 |  173.0 |
               +--------+--------+--------+--------+--------+-----+--------+

Top non-repeatable levels by time:
       D: 173 daAuts
